 Dungeon Crawl Stone Soup version 0.27.0 (webtiles) character file.

Game seed: 10653277701842516609

91 ZARRMARR the Skirmisher (level 4, 0/40 HPs)
             Began as a Hill Orc Fighter on July 30, 2021.
             Slain by a scorpion (5 damage)
             ... on level 4 of the Dungeon.
             The game lasted 00:13:35 (2076 turns).

ZARRMARR the Skirmisher (Hill Orc Fighter)          Turns: 2076, Time: 00:13:36

Health: 0/40       AC:  7    Str: 19    XL:     4   Next: 59%
Magic:  4/4        EV:  7    Int:  8    God:
Gold:   83         SH:  9    Dex: 10    Spells: 3/3 levels left

rFire    . . .     SeeInvis .   f - +2 short sword (speed)
rCold    . . .     Faith    .   c - +0 kite shield
rNeg     . . .     Spirit   .   b - +0 scale mail
rPois    .         Reflect  .   (no helmet)
rElec    .         Harm     .   (no cloak)
rCorr    .         Rampage  .   (no gloves)
Will     .....                  (no boots)
Stlth    ..........             j - amulet of regeneration
HPRegen  1.13/turn              g - ring of flight
MPRegen  0.09/turn              (no ring)

@: lethally poisoned (0 -> -1), flying
A: no striking features
a: no special abilities


You were on level 4 of the Dungeon.
You visited 1 branch of the dungeon, and saw 4 of its levels.

You collected 83 gold pieces.

Inventory:

Hand Weapons
 a - a +0 war axe
 f - a +2 short sword of speed (weapon)
 m - a +0 dagger of draining
Missiles
 h - 54 stones
 p - 15 poisoned darts (quivered)
Armour
 b - a +0 scale mail (worn)
 c - a +0 kite shield (worn)
Jewellery
 g - a ring of flight (left hand)
 j - an amulet of regeneration (around neck)
Scrolls
 e - a scroll of teleportation
 i - a scroll of amnesia
 k - a scroll of enchant weapon
 l - a scroll of noise
 n - a scroll of blinking {unknown}
 o - a scroll of silence {unknown}
Potions
 d - a potion of might


   Skills:
 - Level 4.0 Fighting
 - Level 3.8 Axes
 * Level 1.5 Throwing
 - Level 3.8 Armour
 - Level 0.3 Dodging
 - Level 3.8 Shields


You had 3 spell levels left.
You didn't know any spells.
Your spell library contained the following spells:

 Spells                   Type           Power      Damage    Failure   Level
 Corona                   Hex            0%         N/A       99%         1
 Sting                    Tmut/Pois      0%         1d3       99%         1
 Ensorcelled Hibernation  Hex/Ice        0%         N/A       100%        2
 Poisonous Vapours        Pois/Air       0%         N/A       100%        2
 Tukima's Dance           Hex            0%         N/A       100%        3
 Olgreb's Toxic Radiance  Pois           0%         N/A       100%        4


Dungeon Overview and Level Annotations

Branches:
Dungeon (4/15)
 Temple: D:4-7

Altars:


Message History

Aim: a scorpion (moderately wounded, about 37% to evade your +2 short sword of speed)
You hit the scorpion.
The scorpion is severely wounded.
You feel sick. You block the scorpion's attack.
Hit: f) +2 short sword (speed)
Press: ? - help, Dir - move target, f/p - scorpion
Aim: a scorpion (severely wounded, about 37% to evade your +2 short sword of speed)
You closely miss the scorpion.
The scorpion is severely wounded.
You feel sick. The scorpion stings you.
You are more poisoned.
The scorpion poisons you!
Hit: f) +2 short sword (speed)
Press: ? - help, Dir - move target, f/p - scorpion
Aim: a scorpion (severely wounded, about 37% to evade your +2 short sword of speed)
You closely miss the scorpion.
The scorpion is severely wounded.
You feel very sick.
The scorpion stings you but does no damage.
Hit: f) +2 short sword (speed)
Press: ? - help, Dir - move target, f/p - scorpion
Aim: a scorpion (severely wounded, about 37% to evade your +2 short sword of speed)
You hit the scorpion but do no damage.
The scorpion is severely wounded.
You feel very sick.
The scorpion stings you but does no damage.
Hit: f) +2 short sword (speed)
Press: ? - help, Dir - move target, f/p - scorpion
Aim: a scorpion (severely wounded, about 37% to evade your +2 short sword of speed)
You hit the scorpion.
The scorpion is severely wounded.
You feel very sick. You block the scorpion's attack.
Hit: f) +2 short sword (speed)
Press: ? - help, Dir - move target, f/p - scorpion
Aim: a scorpion (severely wounded, about 37% to evade your +2 short sword of speed)
You barely miss the scorpion.
The scorpion is severely wounded.
You feel sick. The scorpion stings you.
You die...

# #. ### ###.
...# #...
...#. #..#
..... #.##..#
#@....#
##s..##
#......<.....
#...K#.......
......#
.......
...#..
.....8. ..
... #...... .
... ......
.... ......


You could see a scorpion.

Vanquished Creatures
  2 adders (D:3)
  3 dart slugs
  8 endoplasms
  4 giant cockroaches (D:1)
  8 hobgoblins
  7 jackals (D:1)
  8 kobolds
  3 quokkas (D:1)
  A ball python (D:2)
  4 bats
  6 frilled lizards
  4 goblins
  2 rats (D:1)
60 creatures vanquished.

Notes
Turn   | Place    | Note
-------+----------+-------------------------------------------
     0 | D:1      | ZARRMARR the Hill Orc Fighter began the quest for the Orb.
     0 | D:1      | Reached XP level 1. HP: 19/19 MP: 1/1
    62 | D:1      | Reached XP level 2. HP: 15/27 MP: 2/2
   384 | D:1      | Reached XP level 3. HP: 33/33 MP: 3/3
   481 | D:1      | Reached skill level 4 in Fighting
  1425 | D:2      | Reached XP level 4. HP: 40/40 MP: 4/4
  1960 | D:3      | Reached skill level 1 in Throwing
  2036 | D:4      | Noticed a scorpion
  2076 | D:4      | Slain by a scorpion

Illustrated notes

Levels and vault maps discovered:
D:1:      heliophobic_arrival_dark_side_of_the_moon, layout_basic,
          minmay_unequal
D:2:      layout_basic
D:3:      layout_basic, mainiacjoe_overflow_small_starburst,
          amcnicky_mini_pool_small
D:4:      layout_cave_pools, serial_column_ruins, column_ruins_square_small,
          column_ruins_hut, column_ruins_grid_1, column_ruins_corridor_straight,
          column_ruins_corridor_dead_end, column_ruins_open_small,
          column_ruins_open_medium, column_ruins_grid_4,
          minmay_misc_feat_encased, grunt_tough_drop

Skill      XL: |  1  2  3  4 |
---------------+-------------+-----
Axes           | 3 |  3.8
Fighting       | 4 |  4.0
Throwing       | 1 |  1.5
Armour         | |  3.8
Dodging        | |  0.3
Shields        | |  3.8

Action                   |  1- 3 |  4- 6 || total
-------------------------+-------+-------++-------
Melee: War axe           |   138 |    35 ||   173
       Short sword       |       |    13 ||    13
Throw: Stone             |    17 |    21 ||    38
       Dart              |       |    13 ||    13
  Use: Scroll            |     2 |     2 ||     4
Armor: Scale mail        |    73 |    17 ||    90
Dodge: Dodged            |    62 |    12 ||    74
Block: Kite shield       |    90 |    25 ||   115
